 Dungeon Crawl Stone Soup version 0.17-a0-2027-gcac42c4 (webtiles) character file.

12209 kosy22 the Protected (level 11, -5/99 HPs)
             Began as a Minotaur Fighter on Oct 10, 2015.
             Slain by Snorg (21 damage)
             ... on level 12 of the Dungeon.
             The game lasted 00:48:54 (13055 turns).

kosy22 the Protected (Minotaur Fighter)            Turns: 13055, Time: 00:48:59

Health: -5/99      AC: 20    Str: 24    XL:     11   Next: 59%
Magic:  11/11      EV:  6    Int:  5    God:
Gold:   961        SH: 18    Dex: 10    Spells: 0 memorised, 10 levels left

rFire  . . .     SeeInvis .     e - +7 hand axe (vamp)
rCold  . . .     Clarity  .     h - +2 plate armour
rNeg   . . .     SustAt   .     k - +0 large shield
rPois  .         Gourm    .     (helmet restricted)
rElec  .         Spirit   .     (no cloak)
rCorr  +         Warding  .     H - +2 pair of gloves
rMut   .         Stasis   .     (no boots)
MR     +....                    N - amulet of resist corrosion
Stlth  ..........               P - ring of protection from magic
                                C - ring of wizardry

@: somewhat resistant to hostile enchantments, extremely unstealthy
A: retaliatory headbutt, horns 2
a: no special abilities


You were on level 12 of the Dungeon.
You were not hungry.

You visited 2 branches of the dungeon, and saw 13 of its levels.

You collected 961 gold pieces.

Inventory:

Hand Weapons
 a - a +0 war axe
 e - a +7 vampiric hand axe (weapon)
Missiles
 L - 2 throwing nets (quivered)
 U - 4 tomahawks of returning
Armour
 c - a +0 shield
 h - a +2 plate armour (worn)
 k - a +0 large shield (worn)
 H - a +2 pair of gloves (worn)
Jewellery
 C - a ring of wizardry (left hand)
 N - an amulet of resist corrosion (around neck)
 P - a ring of protection from magic (right hand)
 S - an uncursed ring of flight
Wands
 f - a wand of frost (38)
 l - a wand of random effects (19)
 n - a wand of magic darts (31)
 t - a wand of frost (23)
 x - a wand of enslavement (0)
 B - a wand of teleportation (2)
 G - a wand of flame (33)
 K - a wand of enslavement (9)
 V - a wand of slowing (12)
 W - a wand of draining (9)
Scrolls
 b - a scroll of silence
 i - 6 scrolls of identify
 j - 2 scrolls of teleportation
 w - 2 scrolls of remove curse
 y - a scroll of amnesia
 Y - a scroll of fog
Potions
 d - 2 potions of might
 m - a potion of cancellation
 q - 2 potions of agility
 r - 2 potions of flight
 s - 2 potions of lignification {unknown}
 u - 3 potions of degeneration {unknown}
 v - 3 potions of haste {unknown}
 z - a potion of ambrosia {unknown}
 D - 2 potions of poison {unknown}
 E - a potion of brilliance {unknown}
 I - 3 potions of magic {unknown}
 M - a potion of heal wounds
 O - a potion of mutation {unknown}
Books
 Q - a book of Frost

   Spells                             Type                      Level
   a - Freeze                         Ice                          1
   b - Throw Frost                    Conjuration/Ice              2
   c - Ozocubu's Armour               Charms/Ice                   3
   d - Throw Icicle                   Conjuration/Ice              4
   e - Summon Ice Beast               Ice/Summoning                4
   f - Condensation Shield            Ice                          4
 R - a book of Beasts

   Spells                             Type                      Level
   a - Summon Butterflies             Summoning                    1
   b - Call Canine Familiar           Summoning                    3
   c - Summon Ice Beast               Ice/Summoning                4
   d - Summon Mana Viper              Hexes/Summoning              5
   e - Summon Hydra                   Summoning                    7
Comestibles
 p - 4 beef jerkies
 A - a bread ration
 J - 2 meat rations
 X - a fruit
 Z - a slice of pizza


   Skills:
 + Level 9.9 Fighting
 + Level 11.6 Axes
 + Level 11.7 Armour
 + Level 5.1 Dodging
 + Level 1.0 Stealth
 + Level 11.0 Shields
 + Level 1.3 Evocations


You had 10 spell levels left.
You didn't know any spells.

Dungeon Overview and Level Annotations

Branches:
Dungeon (12/15)            Temple (1/1) D:7            Lair (0/8) D:10
    Orc: D:9-12

Altars:
Ashenzari
Cheibriados
Dithmenos
Elyvilon
Fedhas
Gozag
Kikubaaqudgha
Makhleb
Nemelex Xobeh
Okawaru
Qazlal
Ru
Sif Muna
Trog
Vehumet
Xom
Yredelemnul
Zin
The Shining One

Shops:
D:4 [   D:6 *   D:10 ?   D:11 *

Annotations:
D:10 exclusions: ice statue and oklob plant
D:12 Snorg


Innate Abilities, Weirdness & Mutations

You reflexively headbutt those who attack you in melee.
You have a pair of horns on your head.


Message History

It was a potion of cancellation.
You feel magically purged. Snorg completely misses you.
You block Snorg's attack. You block Snorg's attack. Snorg bites you!
* * * LOW HITPOINT WARNING * * *
Snorg claws you but does no damage. Snorg claws you.
* * * LOW HITPOINT WARNING * * *
Drink which item? (? for menu, Esc to quit)
You feel much better. You block Snorg's attack. You block Snorg's attack.
Snorg claws you!
* * * LOW HITPOINT WARNING * * *
An orc priest comes into view. It is wielding a falchion.
Drink which item? (? for menu, Esc to quit)
You feel much better.
The orc priest shouts!
Snorg bites you!
* * * LOW HITPOINT WARNING * * *
You block Snorg's attack. x2
The orc priest looks braver for a moment.
Snorg bites you!!
You die...

........................
............#####.......
...?........#####.......
.....$..................
o.......................
...(o...$........###....
..).......###>...# #.###
.......T..# #..†.# #.#
.......@..# #..<.# #.#
..........###....###.#
..............†......#
.....................###
..#####.......####......
.. #.......# #...... .
#.......# #...... ..
#.......# #...... ..
#.......# #......


You could see Snorg (berserk), an orc priest and an orc.

Vanquished Creatures
  The ghost of Ijustatesigmund the Hasty, a journeyman OpTm of Cheibriados (D:9)
  Fannar (D:11)
  Erolcha (D:11)
  Erica (D:10)
  2 ugly things (D:11)
  An orange crystal statue (D:10)
  A two-headed ogre (D:8)
  8 yaks
  A shadow (D:11)
  2 hippogriffs (D:9)
  2 hungry ghosts
  Edmund (D:5)
  9 orc warriors
  A black bear (D:9)
  2 water moccasins
  4 phantoms
  3 centaurs
  2 ice beasts
  An eye of draining (D:10)
  6 ogres
  A wyvern zombie (D:12)
  5 giant frogs
  A gnoll sergeant (D:7)
  A wyvern skeleton (D:11)
  2 scorpions
  4 wights (D:10)
  3 crimson imps
  12 killer bees (D:11)
  2 electric eels (D:9)
  2 centaur zombies
  12 orc priests
  A giant frog zombie (D:10)
  6 hounds
  5 jellies
  Crazy Yiuf (D:4)
  11 orc wizards
  2 centaur skeletons
  A giant frog skeleton (D:8)
  7 worker ants
  Terence (D:2)
  Natasha (thrice) (D:3)
  2 iguanas
  A killer bee zombie (D:8)
  2 hound skeletons
  Robin (D:2)
  A worker ant zombie (D:11)
  8 adders
  6 gnolls
  2 shadow imps
  An ooze (D:3)
  44 orcs
  7 bats
  4 giant cockroaches
  21 goblins
  7 hobgoblins
  16 jackals
  A ball python (D:2)
  12 giant geckos
  3 giant gecko skeletons
  8 giant newts
  A jackal skeleton (D:6)
  2 jackal zombies
  7 kobolds
  12 quokkas
  A quokka skeleton (D:5)
  15 rats
  3 fungi (D:4)
321 creatures vanquished.

Vanquished Creatures (others)
  An ogre (D:10)
1 creature vanquished.

Grand Total: 322 creatures vanquished

Notes
Turn   | Place    | Note
--------------------------------------------------------------
     0 | D:1      | kosy22 the Minotaur Fighter began the quest for the Orb.
     0 | D:1      | Reached XP level 1. HP: 19/19 MP: 0/0
   127 | D:1      | Reached XP level 2. HP: 24/27 MP: 1/1
   171 | D:1      | Reached skill level 4 in Fighting
   829 | D:2      | Found a shimmering altar of Xom.
   836 | D:2      | Noticed Robin
   841 | D:2      | Reached XP level 3. HP: 31/33 MP: 2/2
   847 | D:2      | Killed Robin
  1188 | D:2      | Reached skill level 1 in Dodging
  1188 | D:2      | Reached XP level 4. HP: 38/41 MP: 3/3
  1208 | D:2      | Found a stormy altar of Qazlal.
  1208 | D:2      | Found a white marble altar of Elyvilon.
  1212 | D:2      | Found an opulent altar of Gozag.
  1212 | D:2      | Found a basalt altar of Yredelemnul.
  1256 | D:2      | Became a worshipper of Elyvilon the Healer
  1405 | D:2      | Found an iron altar of Okawaru.
  1405 | D:2      | Noticed Terence
  1425 | D:2      | Killed Terence
  1762 | D:3      | Noticed Natasha
  1771 | D:3      | Killed Natasha
  1771 | D:3      | Reached XP level 5. HP: 47/47 MP: 4/4
  1865 | D:3      | Noticed Natasha
  1872 | D:3      | Killed Natasha
  1971 | D:3      | Noticed Natasha
  1975 | D:3      | Killed Natasha
  2341 | D:4      | Reached XP level 6. HP: 25/55 MP: 5/5
  2523 | D:4      | Fell from the grace of Elyvilon
  2555 | D:4      | Found Ytirod's Antique Armour Emporium.
  2567 | D:4      | Noticed an ogre
  2578 | D:4      | Killed an ogre
  2578 | D:4      | Reached skill level 5 in Fighting
  2578 | D:4      | Reached skill level 5 in Armour
  2578 | D:4      | Reached skill level 5 in Shields
  2873 | D:4      | Noticed Crazy Yiuf
  2879 | D:4      | Killed Crazy Yiuf
  4091 | D:5      | Entered Level 5 of the Dungeon
  4152 | D:5      | Reached XP level 7. HP: 29/61 MP: 6/6
  4441 | D:5      | Noticed Edmund
  4484 | D:5      | Killed Edmund
  4500 | D:5      | Noticed a water moccasin
  4508 | D:5      | Killed a water moccasin
  4508 | D:5      | Reached skill level 5 in Axes
  4508 | D:5      | Reached skill level 6 in Armour
  5470 | D:6      | Reached skill level 7 in Armour
  5470 | D:6      | Reached XP level 8. HP: 26/69 MP: 7/7
  5682 | D:6      | Found a bloodstained altar of Trog.
  5929 | D:6      | Found Bomn's Assorted Antiques.
  6357 | D:7      | Reached skill level 8 in Armour
  6694 | D:7      | Reached XP level 9. HP: 67/78 MP: 8/8
  7002 | D:7      | Found a staircase to the Ecumenical Temple.
  7011 | Temple   | Entered the Ecumenical Temple
  7670 | D:8      | Reached skill level 9 in Armour
  8251 | D:8      | Found a sacrificial altar of Ru.
  8342 | D:9      | Noticed Ijustatesigmund's ghost (journeyman OpTm)
  8359 | D:9      | Killed Ijustatesigmund's ghost
  8359 | D:9      | Reached XP level 10. HP: 64/88 MP: 9/9
  8819 | D:9      | Reached skill level 10 in Armour
 10144 | D:10     | Entered Level 10 of the Dungeon
 10337 | D:10     | Found a stormy altar of Qazlal.
 10419 | D:10     | Found Exzal's Magic Scroll Shoppe.
 10426 | D:10     | Reached skill level 10 in Axes
 10464 | D:10     | Reached skill level 5 in Dodging
 10577 | D:10     | Noticed an oklob plant
 10581 | D:10     | Found a staircase to the Lair.
 10924 | D:10     | Noticed Erica
 10944 | D:10     | Killed Erica
 10944 | D:10     | Reached skill level 11 in Armour
 11147 | D:10     | Noticed an ice statue
 11155 | D:10     | Reached XP level 11. HP: 97/97 MP: 10/10
 11532 | D:11     | Reached skill level 10 in Shields
 11598 | D:11     | Noticed Erolcha
 11610 | D:11     | Killed Erolcha
 11610 | D:11     | Reached skill level 1 in Evocations
 12001 | D:11     | Found Jyihu's Assorted Antiques.
 12025 | D:11     | Noticed Fannar
 12073 | D:11     | Killed Fannar
 12405 | D:11     | Reached skill level 1 in Stealth
 12701 | D:11     | Noticed a six-headed hydra
 12814 | D:12     | Noticed Snorg
 13055 | D:12     | Slain by Snorg

Vault maps used:
D:1:      ncdulo_halloftheorcs
D:2:      xom_butterflies, lemuel_coloured_pillars_altar,
          grunt_temple_overflow_open, uniq_robin, uniq_terence
D:3:      grunt_ministairs_7, uniq_natasha
D:4:      serial_shops, nicolae_shop_crystal, gup_sewer_entry_bowl,
          uniq_crazy_yiuf_cottage
D:5:      first_bread, uniq_edmund
D:6:      serial_shops, shop_statue, basic_altar
D:7:      minmay_temple_entry_poolview, grunt_ogre_cave
D:8:      minmay_goldmine, nicolae_ru_path_of_blood, grunt_ministairs_3
D:9:      kennysheep_dice
D:10:     minmay_separated_statues, dpeg_oklobed_lair, serial_shops,
          nicolae_shop_waterfront, basic_altar, uniq_erica
D:11:     serial_shops, nicolae_shop_crystal,
          eino_small_chamber_without_monster, uniq_erolcha, uniq_fannar
D:12:     erik_orc_2, uniq_snorg
Temple:   water_room_temple_b_12

Action                   |  1- 3 |  4- 6 |  7- 9 | 10-12 || total
-------------------------+-------+-------+-------+-------++-------
Melee: War axe           |    66 |   131 |       |       ||   197
       Hand axe          |       |    56 |   330 |   459 ||   845
Invok: Renounce Religion |       |     1 |       |       ||     1
Evoke: Wand              |       |       |       |     7 ||     7
  Use: Scroll            |     2 |     4 |    16 |    11 ||    33
       Potion            |       |       |     3 |     8 ||    11
  Eat: Bread ration      |     1 |     2 |     1 |     3 ||     7
       Pizza             |       |     2 |       |       ||     2
       Meat ration       |       |       |     2 |     2 ||     4
       Beef jerky        |       |       |       |     3 ||     3
       Fruit             |       |       |       |     1 ||     1
